 Dungeon Sprint DCSS version 0.21-a0-274-gc1afaeb (webtiles) character file.

49 potatolord6000 the Slasher (level 3, 0/36 HPs)
             Began as a Minotaur Monk on Sept 19, 2017.
             Was a Believer of Okawaru.
             Slain by a fire bat (6 damage)
             ... in the Dungeon (Sprint VII: "The Pits").
             The game lasted 00:01:14 (362 turns).

potatolord6000 the Slasher (Minotaur Monk)           Turns: 362, Time: 00:01:15

Health: 0/36       AC:  8    Str: 16    XL:     3   Next: 51%
Magic:  3/3        EV: 13    Int:  7    God:    Okawaru [**....]
Gold:   0          SH:  0    Dex: 12    Spells: 2/2 levels left

rFire    . . .     SeeInvis .   j - +2 falchion (flame)
rCold    . . .     Gourm    .   (no shield)
rNeg     . . .     Faith    .   p - +3 ring mail
rPois    .         Spirit   .   (helmet restricted)
rElec    .         Reflect  .   (no cloak)
rCorr    .         Harm     .   (no gloves)
MR       .....     NoTele   +   (no boots)
Stlth    +.........             (no amulet)
HPRegen  0.12/turn              (no ring)
MPRegen  0.08/turn              (no ring)

@: no status effects
A: retaliatory headbutt, horns 2
a: Heroism, Renounce Religion


You were in the Dungeon.
You worshipped Okawaru.
Okawaru was pleased with you.
You were not hungry.

You visited 1 branch

Inventory:

Hand Weapons
 j - a +2 falchion of flaming (weapon)
Armour
 p - a +3 ring mail (worn)
Scrolls
 i - a scroll of blinking
 k - 3 scrolls of remove curse
 l - 5 scrolls of amnesia
 m - a scroll of summoning
Potions
 a - 2 potions of invisibility
 d - 6 potions of curing
 e - 6 potions of heal wounds
 f - a potion of haste
 g - 4 potions of magic
 h - 3 potions of berserk rage
Comestibles
 c - 8 bread rations
 n - 40 fruits
 o - 7 meat rations


   Skills:
 + Level 5.3 Fighting
 + Level 5.3 Long Blades
 + Level 3.8 Armour
 + Level 4.8 Dodging
 - Level 1.5 Stealth
 + Level 2.0 Invocations


You had 2 spell levels left.
You didn't know any spells.

Dungeon Overview and Level Annotations

Branches:
Dungeon (1/1)

Altars:
Ashenzari
Cheibriados
Dithmenos
Elyvilon
Fedhas
Gozag
Hepliaklqana
Kikubaaqudgha
Makhleb
Nemelex Xobeh
Okawaru
Qazlal
Ru
Sif Muna
Trog
Uskayaw
Vehumet
Wu Jian
Xom
Yredelemnul
Zin
The Shining One
Beogh
Jiyva
Lugonu


Innate Abilities, Weirdness & Mutations

You reflexively headbutt those who attack you in melee.
You have a pair of horns on your head.


Message History

A sky beast appears from thin air!
Reactivating autopickup.
The phantom blinks!
The fire bat barely misses you.
The fire bat bites you but does no damage.
You closely miss the fire bat. Your headbutt misses the fire bat.
The fire bat is moderately wounded.
The fire bat bites you.
You are engulfed in flames.
You hit the fire bat.
The fire bat is heavily wounded.
The fire bat bites you.
You are engulfed in flames!
* * * LOW HITPOINT WARNING * * *
The fire bat misses you.
You barely miss the fire bat.
You headbutt the fire bat, but do no damage.
The fire bat is heavily wounded.
The fire bat misses you. The fire bat bites you.
* * * LOW HITPOINT WARNING * * *
You are engulfed in flames.
You die...

#.?(.')))'.##.....
##########.##.....
#..........)'.....
#'#####'#####.....
#.#...#(#..##.....
#.#..)#.#))#####'#
#.#...'.#))##.....
#.##'####))##.....
#@#.....#[[##.....
#b#.....#'###...<.
#Y#........##.....
#z#........##.....
#W###########.....
#.......# ######
#..#.#..# #.## #
#ยง.


You could see a phantom, a sky beast, a fire bat and a flying skull.

Vanquished Creatures
  A mummy (D)
  A gnoll (D)
  An adder (D)
  2 ufetubi (D)
  A leopard gecko (D)
  2 kobolds (D)
  A ball python (D)
9 creatures vanquished.

Notes
Turn   | Place    | Note
-------+----------+-------------------------------------------
     0 | D        | potatolord6000 the Minotaur Monk began the quest for the Orb.
     0 | D        | Reached XP level 1. HP: 19/19 MP: 0/0
    16 | D        | Reached XP level 2. HP: 28/28 MP: 1/1
    47 | D        | Found a bloodstained altar of Trog.
    47 | D        | Found a deep blue altar of Sif Muna.
    47 | D        | Found a viscous altar of Jiyva.
    47 | D        | Found a hazy altar of Hepliaklqana.
    47 | D        | Found an opulent altar of Gozag.
    48 | D        | Found a glowing golden altar of the Shining One.
    48 | D        | Found a glowing silver altar of Zin.
    48 | D        | Found a basalt altar of Yredelemnul.
    48 | D        | Found a shimmering altar of Xom.
    48 | D        | Found an ornate altar of the Wu Jian Council.
    48 | D        | Found a sacrificial altar of Ru.
    48 | D        | Found a stormy altar of Qazlal.
    48 | D        | Found an iron altar of Okawaru.
    48 | D        | Found a sparkling altar of Nemelex Xobeh.
    48 | D        | Found a burning altar of Makhleb.
    48 | D        | Found a blossoming altar of Fedhas.
    48 | D        | Found a white marble altar of Elyvilon.
    48 | D        | Found a shadowy altar of Dithmenos.
    48 | D        | Found a snail-covered altar of Cheibriados.
    50 | D        | Found a radiant altar of Vehumet.
    50 | D        | Found a corrupted altar of Lugonu.
    50 | D        | Found a roughly hewn altar of Beogh.
    52 | D        | Found an ancient bone altar of Kikubaaqudgha.
    52 | D        | Found a hide-covered altar of Uskayaw.
    52 | D        | Found a shattered altar of Ashenzari.
    58 | D        | Became a worshipper of Warmaster Okawaru
    58 | D        | Reached * piety under Okawaru
    58 | D        | Reached ** piety under Okawaru
   220 | D        | Reached skill level 5 in Fighting
   220 | D        | Reached skill level 1 in Invocations
   224 | D        | Reached skill level 5 in Long Blades
   224 | D        | Reached XP level 3. HP: 25/36 MP: 1/3
   353 | D        | Noticed a fire bat
   353 | D        | Noticed a flying skull
   354 | D        | Noticed a sky beast
   355 | D        | Noticed a phantom
   362 | D        | Slain by a fire bat

Vault maps used:
D:        pitsprint

Skill      XL: |  1  2  3 |
---------------+----------+-----
Fighting       | 4 5 |  5.3
Long Blades    | 4 5 |  5.3
Armour         | 2 3 |  3.8
Dodging        | 4 |  4.8
Invocations    | 1 2 |  2.0
Stealth        | |  1.5

Action                   || total
-------------------------++-------
Melee: Falchion          ||    22
       Headbutt          ||     3
Armor: Ring mail         ||     2
Dodge: Dodged            ||    29
       Rpst.: Falchion   ||     7

Table legend:
 A = Spawn XP
 B = Non-spawn XP
 C = Spawn XP percentage of total XP
 D = Spawn monster count
 E = Non-spawn monster count
 F = Spawn count percentage of total count
 G = Total turns spent on level
                    A         B        C        D         E        F      G
               +---------+---------+-------+---------+---------+-------+---------
         Total |       0 |      70 |   0.0 |       0 |       9 |   0.0 |   362
               +---------+---------+-------+---------+---------+-------+---------
             D |       0 |      70 |   0.0 |       0 |       9 |   0.0 |   362
               +---------+---------+-------+---------+---------+-------+---------
